[Event "Titled Tuesday Blitz May 16 Late 2023"]
[White "Maltsevskaya, Aleksandra"]
[Black "Peatman, Carter"]
[WhiteFideId "24174041"]
[BlackFideId "2096480"]
[WhiteElo "2302"]
[BlackElo "2003"]
[Result "1-0"]
[Round "01"]
[TimeControl "180+2"]
[Date "2023.05.16"]
[WhiteClock "0:01:08"]
[BlackClock "0:00:00"]

1. e4 e5 2. Nf3 Nf6 3. Nxe5 d6 4. Nf3 Nxe4 5. Nc3 Nxc3 6. dxc3 Be7 7. Be3 Nc6 8. Qd2 h6 9. O-O-O Be6 10. h4 a6 11. Kb1 Qd7 12. Bd3 O-O-O 13. Qe2 Kb8 14. Rd2 Bg4 15. Rhd1 Bf6 16. Bxa6 Ne5 17. Bb5 Qf5 18. Bd3 Nxd3 19. Rxd3 Bxf3 20. gxf3 Bxh4 21. Rd5 Qd7 22. Qc4 Bf6 23. Ra5 b6 24. Ra3 Qc8 25. Rb3 Qb7 26. a4 d5 27. Qb5 Rd6 28. a5 Ka7 29. axb6+ cxb6 30. Qa5+ Kb8 31. Bxb6 Kc8 32. Bc5 Ra6 33. Qb4 Qxb4 34. cxb4 Rd8 35. Ra3 Rxa3 36. bxa3 Kb7 37. a4 Kc6 38. Ka2 d4 39. Kb3 Rd5 40. Kc4 Rf5 41. b5+ Kc7 42. a5 Rxf3 43. a6 Rc3+ 44. Kd5 Rxc2 45. b6+ Kb8 46. a7+ Kb7 47. Ra1 1-0


[Site "https://www.chess.com"]

[Event "Titled Tuesday Blitz May 16 Late 2023"]
[White "Alexikov, Alexander"]
[Black "Soham Kamotra"]
[WhiteFideId "14103958"]
[BlackFideId "46647490"]
[WhiteElo "2186"]
[BlackElo "2209"]
[Result "0-1"]
[Round "01"]
[TimeControl "180+2"]
[Date "2023.05.16"]
[WhiteClock "0:00:00"]
[BlackClock "0:00:11"]

1. e4 Nf6 2. e5 Nd5 3. d4 d6 4. Nf3 c6 5. h3 dxe5 6. Nxe5 Bf5 7. a3 e6 8. c4 Nf6 9. Nc3 Nbd7 10. Be3 Bd6 11. g4 Bg6 12. f4 c5 13. Bg2 cxd4 14. Bxd4 Qb8 15. Qe2 O-O 16. Rd1 Rd8 17. Nb5 Bc5 18. Bxc5 Nxc5 19. O-O a6 20. Nc3 Qc7 21. f5 exf5 22. gxf5 Bh5 23. Bf3 Bxf3 24. Nxf3 Rxd1 25. Rxd1 Re8 26. Qh2 Qb6 27. Qf2 Qc6 28. Nd5 Nce4 29. Qd4 Nxd5 30. cxd5 Qd6 31. Ne1 Qg3+ 32. Ng2 Ng5 0-1


[Site "https://www.chess.com"]

[Event "Titled Tuesday Blitz May 16 Late 2023"]
[White "Defend1r"]
[Black "Szente Varga, Fruzsina"]
[BlackFideId "712264"]
[WhiteElo "2637"]
[BlackElo "1994"]
[Result "1-0"]
[Round "01"]
[TimeControl "180+2"]
[Date "2023.05.16"]
[WhiteClock "0:00:09"]
[BlackClock "0:00:08"]

1. e4 e5 2. Nf3 Nc6 3. Bc4 Be7 4. c3 Nf6 5. d4 Nxe4 6. dxe5 O-O 7. O-O d6 8. Bd5 Nc5 9. exd6 Bxd6 10. Bxc6 bxc6 11. Qc2 Bg4 12. Nbd2 Qf6 13. h3 Bf5 14. Qd1 Nd3 15. Nd4 Qe5 16. N2f3 Qf6 17. Bg5 Qg6 18. Nxf5 Qxf5 19. Qd2 h6 20. Be3 Rad8 21. Nd4 Qg6 22. f4 c5 23. f5 Qg3 24. Nf3 Bf4 25. Kh1 Rfe8 26. Bxf4 Nxf4 27. Qf2 Qxf2 28. Rxf2 Nd3 29. Rd2 c4 30. Kg1 Rb8 31. b4 Nf4 32. Kf2 Nd3+ 33. Kg3 Re3 34. Rc2 Rbe8 35. Rf1 g5 36. fxg6 fxg6 37. Kh2 Kg7 38. Nd4 R8e7 39. Nc6 Re2 40. Rxe2 Rxe2 41. a4 g5 42. Nxa7 Nf4 43. Rg1 Rc2 44. Nb5 Ra2 45. a5 Ne2 46. Rf1 Nf4 47. Rg1 Ne2 48. Rd1 Nf4 49. Rd7+ Kg6 50. Rxc7 Rxg2+ 51. Kh1 Ra2 52. a6 Kh5 53. Rh7 Kh4 54. Re7 Kg3 55. Re3+ Kh4 56. Re1 Nxh3 57. a7 Nf2+ 58. Kg2 Ng4+ 59. Kf3 Rf2+ 60. Ke4 Nf6+ 61. Kd4 Ra2 62. Rh1+ Kg4 63. Rxh6 Kf5 64. Rh2 Rxh2 65. a8=Q Rh4+ 66. Kc5 Ne4+ 67. Kb6 g4 68. Qd5+ Kf4 69. Qf7+ Kg3 70. Qc7+ Kg2 71. Qc6 Kf3 72. Nd4+ Ke3 73. Nf5+ Kd3 74. Nxh4 Nxc3 75. Qg6+ Kd4 76. Qxg4+ Kd3 77. Qg3+ Kc2 78. Nf3 Nd5+ 79. Kb7 c3 80. Qf2+ Kb3 81. Nd4+ Kxb4 82. Nc2+ Kb3 83. Ne1 Nb4 84. Qf7+ Kb2 85. Qf5 Kc1 86. Qc5 Kd2 87. Qxb4 Kxe1 88. Qxc3+ 1-0


[Site "https://www.chess.com"]

[Event "Titled Tuesday Blitz May 16 Late 2023"]
[White "Roman, Rodrigo"]
[Black "Korchmar, Vasiliy"]
[WhiteFideId "3701220"]
[BlackFideId "24131750"]
[WhiteElo "1995"]
[BlackElo "2370"]
[Result "0-1"]
[Round "01"]
[TimeControl "180+2"]
[Date "2023.05.16"]
[WhiteClock "0:02:14"]
[BlackClock "0:02:24"]

1. e4 c5 2. Nf3 d6 3. Bb5+ Nd7 4. O-O a6 5. Ba4 b5 6. Bb3 c4 7. d3 cxb3 8. axb3 Ngf6 9. Nc3 Bb7 10. Be3 g6 11. h3 Bg7 12. Re1 O-O 13. Bd4 Qc7 14. Qd2 Rac8 15. e5 dxe5 16. Nxe5 Nxe5 17. Bxe5 Qc6 18. f3 b4 19. Ne4 Nxe4 20. Rxe4 Qb6+ 21. Qe3 Qxe3+ 22. Rxe3 Bxe5 23. Rxe5 Rxc2 24. Rxe7 Bd5 25. Rxa6 Rxb2 26. Rb6 Rxb3 27. Re5 Be6 28. Reb5 Rb1+ 29. Kh2 b3 30. d4 Rd8 31. Rb4 Rd1 32. Kg3 R8xd4 33. R4b5 R4d2 34. h4 h5 35. Kf4 Rxg2 36. Ke5 Kg7 37. Rb8 Re2+ 38. Kf4 Rd4+ 39. Kg3 Rdd2 40. Rxb3 Bxb3 41. Rxb3 Rg2+ 42. Kh3 Rh2+ 43. Kg3 Rdg2+ 44. Kf4 Rxh4+ 45. Ke5 Rg5+ 46. Kd6 Rf5 47. Ke7 Rhf4 48. Rb7 Rxf3 49. Ke8 Re3+ 50. Kd8 Rd5+ 51. Kc8 Re8+ 52. Kc7 Re7+ 53. Kc6 Rxb7 54. Kxd5 h4 55. Ke4 Rb3 56. Kf4 h3 57. Kg4 h2 58. Kh4 h1=Q+ 59. Kg4 Qe4+ 60. Kg5 f6# 0-1


[Site "https://www.chess.com"]

[Event "Titled Tuesday Blitz May 16 Late 2023"]
[White "Vlassov, Nikolai"]
[Black "Skaric, Djuro"]
[WhiteFideId "4103360"]
[BlackFideId "934569"]
[WhiteElo "2324"]
[BlackElo "2282"]
[Result "1-0"]
[Round "01"]
[TimeControl "180+2"]
[Date "2023.05.16"]
[WhiteClock "0:00:29"]
[BlackClock "0:00:17"]

1. e4 d6 2. f4 Nc6 3. d4 g6 4. d5 Nb8 5. c4 Bg7 6. Nc3 c6 7. Nf3 Nf6 8. e5 Ng4 9. h3 Nh6 10. g4 dxe5 11. fxe5 O-O 12. Bf4 Kh8 13. Qd2 Ng8 14. O-O-O cxd5 15. cxd5 Qa5 16. Kb1 Nd7 17. Bc4 a6 18. Ne4 Qxd2 19. Rxd2 b5 20. Bb3 Bb7 21. Rc1 Rac8 22. Rdc2 Nb6 23. Rxc8 Rxc8 24. Rxc8 Nxc8 25. Nc5 Ba8 26. Nxa6 Nb6 27. Nc7 Bb7 28. Nd4 Nc4 29. Ndxb5 Nxe5 30. Kc2 h6 31. a4 Nd7 32. Be3 Ngf6 33. a5 Nb8 34. Bc5 Na6 35. Bxe7 Ne4 36. Nxa6 Bxa6 37. Nc7 Bb7 38. a6 Bxa6 39. Nxa6 f5 40. gxf5 gxf5 41. d6 Bf6 42. Bxf6+ Nxf6 43. Be6 f4 44. d7 Nxd7 45. Bxd7 Kg7 46. b4 Kf6 47. Bc6 Ke5 48. b5 Kd6 49. Kd3 h5 50. Ke4 f3 51. Kxf3 Ke7 52. b6 1-0


[Site "https://www.chess.com"]

[Event "Titled Tuesday Blitz May 16 Late 2023"]
[White "Tisaj, Domen"]
[Black "Figorito, Nick"]
[WhiteFideId "14628708"]
[BlackFideId "30923689"]
[WhiteElo "2340"]
[BlackElo "2324"]
[Result "1/2-1/2"]
[Round "01"]
[TimeControl "180+2"]
[Date "2023.05.16"]
[WhiteClock "0:00:06"]
[BlackClock "0:00:09"]

1. e4 e6 2. d4 d5 3. exd5 exd5 4. h3 Bd6 5. Nf3 Ne7 6. c3 O-O 7. Bd3 Bf5 8. O-O c6 9. Re1 Bxd3 10. Qxd3 Ng6 11. Bg5 f6 12. Be3 Nd7 13. Nbd2 Qc7 14. c4 dxc4 15. Nxc4 Nf4 16. Qb3 Nd5 17. Rac1 N7b6 18. Ncd2 Kh8 19. Ne4 Rae8 20. Nc5 Re7 21. a4 Rfe8 22. a5 Nc8 23. a6 b6 24. Nb7 Bf4 25. Bxf4 Rxe1+ 26. Rxe1 Rxe1+ 27. Nxe1 Qxf4 28. Qc4 Nce7 29. Nf3 h6 30. Nd8 Qc7 31. Nb7 Qf4 32. b4 Qe4 33. Kh2 Qf4+ 34. Kg1 Qe4 35. Kh2 Qg6 36. b5 Nf4 37. g3 cxb5 38. Qc7 Nfd5 39. Qb8+ Kh7 40. Nd6 Qc2 41. Kg2 Ne3+ 42. Kg1 Qd1+ 43. Kh2 Qxf3 44. fxe3 Qf2+ 45. Kh1 Qf1+ 46. Kh2 Qf2+ 47. Kh1 Qf1+ 48. Kh2 Qf2+ 1/2-1/2


[Site "https://www.chess.com"]

[Event "Titled Tuesday Blitz May 16 Late 2023"]
[White "Iliaguev, Nisim"]
[Black "Onslow, Alfie"]
[WhiteFideId "2817276"]
[BlackFideId "436976"]
[WhiteElo "2241"]
[BlackElo "2114"]
[Result "1-0"]
[Round "01"]
[TimeControl "180+2"]
[Date "2023.05.16"]
[WhiteClock "0:01:33"]
[BlackClock "0:00:00"]

1. d4 Nf6 2. Nf3 c5 3. g3 cxd4 4. Nxd4 g6 5. Bg2 Bg7 6. O-O O-O 7. c4 Nc6 8. Nc3 Nxd4 9. Qxd4 d6 10. Qd3 a6 11. b3 Qc7 12. Bb2 Bf5 13. e4 Be6 14. Rac1 Nd7 15. Nd5 Bxd5 16. Bxg7 Kxg7 17. exd5 a5 18. Rfe1 Nc5 19. Qc3+ Kg8 20. h4 Qd7 21. Re3 Rfe8 22. Rce1 Qf5 23. a3 b6 24. b4 axb4 25. axb4 Na4 26. Qd4 Ra7 27. Be4 Qd7 28. Bc2 e5 29. dxe6 Rxe6 30. Rxe6 fxe6 31. h5 gxh5 32. Qf4 e5 33. Qg5+ Qg7 34. Qxh5 Nc3 35. Qf3 Ra3 36. Qc6 Qh6 37. Qe8+ Kg7 38. Qe7+ Kg8 39. Bf5 Ra2 40. c5 bxc5 41. Be6+ Kh8 42. Bxa2 Nxa2 43. bxc5 dxc5 44. Qxe5+ 1-0


[Site "https://www.chess.com"]

[Event "Titled Tuesday Blitz May 16 Late 2023"]
[White "Silvestre, Christian"]
[Black "TimGrutter03"]
[WhiteFideId "30956269"]
[WhiteElo "2313"]
[BlackElo "2632"]
[Result "0-1"]
[Round "01"]
[TimeControl "180+2"]
[Date "2023.05.16"]
[WhiteClock "0:00:49"]
[BlackClock "0:00:30"]

1. c4 g6 2. Nc3 Bg7 3. g3 d6 4. e3 Nc6 5. Bg2 e5 6. Nge2 f5 7. d4 e4 8. Rb1 a5 9. a3 Nf6 10. b4 axb4 11. axb4 O-O 12. b5 Ne7 13. h4 d5 14. c5 c6 15. Qb3 Kh8 16. Nf4 Bh6 17. Bd2 Bxf4 18. exf4 Ng4 19. Nd1 Ng8 20. Ne3 N8f6 21. Bf1 Bd7 22. Nxg4 Nxg4 23. h5 Kg7 24. hxg6 hxg6 25. Be2 Rh8 26. Rxh8 Qxh8 27. Bxg4 fxg4 28. f5 gxf5 29. bxc6 Bxc6 30. Bf4 Qh1+ 31. Kd2 Qg2 32. Be5+ Kg6 33. Qe3 Ra2+ 34. Kc3 Rxf2 35. Bg7 Rf3 0-1


[Site "https://www.chess.com"]

[Event "Titled Tuesday Blitz May 16 Late 2023"]
[White "Celestino, Rafael Teixeira"]
[Black "Suder, Jakub"]
[WhiteFideId "2108925"]
[BlackFideId "1195310"]
[WhiteElo "2321"]
[BlackElo "2287"]
[Result "0-1"]
[Round "01"]
[TimeControl "180+2"]
[Date "2023.05.16"]
[WhiteClock "0:01:09"]
[BlackClock "0:00:15"]

1. e4 c5 2. Nf3 e6 3. d4 cxd4 4. Nxd4 Nc6 5. Nc3 Nf6 6. Be3 Bb4 7. Bd3 d5 8. exd5 Nxd5 9. Bd2 Nxd4 10. O-O Nc6 11. Qg4 Bf8 12. Ne4 Ne5 13. Qg3 Nxd3 14. Qxd3 Be7 15. Qg3 g6 16. Bh6 f5 17. Nd2 Kf7 18. Rfe1 Bd6 19. Qd3 Be7 20. Nf3 Bf6 21. Rad1 Qc7 22. Nd4 Bd7 23. c4 Nb6 24. Nf3 Rhd8 25. b3 Bc6 26. Qe2 Be4 27. Ng5+ Bxg5 28. Bxg5 Rxd1 29. Rxd1 h6 30. Be3 Rd8 31. Re1 Qd7 32. Bxh6 Qd3 33. Qb2 Qd4 34. Qc1 Rd7 35. h4 Bc6 36. h5 Qg4 37. hxg6+ Qxg6 38. g3 Qg4 39. Qc3 Qd4 40. Qc1 Qf6 41. Bg5 Qg6 42. Bf4 Rd8 43. Qe3 Rh8 44. f3 Nd7 45. b4 b6 46. b5 Bb7 47. a4 Nc5 48. a5 Qh5 49. g4 Qh1+ 50. Kf2 Rh2+ 51. Bxh2 Qxh2+ 52. Kf1 fxg4 53. Qf2 Qh1+ 54. Ke2 Qxf3+ 55. Qxf3+ gxf3+ 56. Ke3 e5 57. a6 Be4 58. Rh1 Kf6 59. Rh8 Bd3 60. Rc8 Bxc4 61. Rc6+ Ke7 62. Kxf3 Bd5+ 63. Ke3 Bxc6 64. bxc6 Kd6 65. c7 Kxc7 66. Kd2 Kc6 67. Kc3 Kb5 68. Kc2 Kxa6 69. Kc3 Kb5 70. Kc2 a5 71. Kc3 a4 72. Kc2 Kc4 73. Kb2 b5 74. Ka3 b4+ 75. Kb2 e4 76. Ka2 e3 77. Kb2 e2 78. Ka2 e1=Q 79. Kb2 Qc3+ 80. Kb1 Qd3+ 81. Ka2 Qc2+ 82. Ka1 Nb3# 0-1


[Site "https://www.chess.com"]

[Event "Titled Tuesday Blitz May 16 Late 2023"]
[White "Popilski, Gil"]
[Black "Einarsson, Halldor Gretar"]
[WhiteFideId "2809060"]
[BlackFideId "2300150"]
[WhiteElo "2537"]
[BlackElo "2110"]
[Result "1-0"]
[Round "01"]
[TimeControl "180+2"]
[Date "2023.05.16"]
[WhiteClock "0:01:26"]
[BlackClock "0:00:14"]

1. e4 c5 2. Nf3 Nc6 3. d4 cxd4 4. Nxd4 Nf6 5. Nc3 e5 6. Ndb5 d6 7. Bg5 a6 8. Na3 b5 9. Bxf6 gxf6 10. Nd5 f5 11. Bd3 Be6 12. c3 Bxd5 13. exd5 Ne7 14. Nxb5 Bg7 15. Na3 O-O 16. O-O e4 17. Bc2 Ng6 18. Qh5 Qc8 19. f4 Qc5+ 20. Kh1 Qxd5 21. Bb3 Qc5 22. Rad1 Ne7 23. Nc2 a5 24. Nd4 a4 25. Bc2 a3 26. g4 axb2 27. gxf5 Qxc3 28. Rg1 Kh8 29. Rxg7 Kxg7 30. f6+ Kh8 31. fxe7 Rg8 32. Bxe4 Ra5 33. Qxh7# 1-0


[Site "https://www.chess.com"]

[Event "Titled Tuesday Blitz May 16 Late 2023"]
[White "Fajdetic, Hrvoje"]
[Black "Schnaider, Ilan"]
[WhiteFideId "14501945"]
[BlackFideId "169013"]
[WhiteElo "2185"]
[BlackElo "2224"]
[Result "0-1"]
[Round "01"]
[TimeControl "180+2"]
[Date "2023.05.16"]
[WhiteClock "0:00:00"]
[BlackClock "0:01:02"]

1. d4 Nf6 2. Bf4 d5 3. e3 c5 4. Nc3 e6 5. Nb5 Na6 6. c3 Be7 7. a4 O-O 8. h3 Ne8 9. Nf3 Nac7 10. Bd3 Nxb5 11. axb5 Bd6 12. Bxd6 Qxd6 13. dxc5 Qxc5 14. Ra4 h6 15. O-O Bd7 16. Qe2 Nd6 17. Rfa1 Bxb5 18. Bxb5 Nxb5 19. Ra5 a6 20. Nd4 Nxd4 21. exd4 Qd6 22. g3 Rac8 23. f4 Rc4 24. Qe5 Qb6 25. R5a2 f6 26. Qe3 Re8 27. Re1 Qb3 28. Rea1 e5 29. fxe5 fxe5 30. Qf3 e4 31. Qf5 Rc6 32. Ra3 Qc4 33. b3 Qxc3 34. Qxd5+ Kh8 35. Qd7 Qxg3+ 36. Kh1 Qxh3+ 0-1


[Site "https://www.chess.com"]

[Event "Titled Tuesday Blitz May 16 Late 2023"]
[White "Kujawski, Adam"]
[Black "Novik, Maxim"]
[WhiteFideId "1100920"]
[BlackFideId "4102924"]
[WhiteElo "2054"]
[BlackElo "2287"]
[Result "0-1"]
[Round "01"]
[TimeControl "180+2"]
[Date "2023.05.16"]
[WhiteClock "0:00:01"]
[BlackClock "0:02:01"]

1. e4 c6 2. d4 d5 3. f3 e6 4. Nc3 Qb6 5. Nge2 Nf6 6. Ng3 dxe4 7. fxe4 e5 8. Bc4 exd4 9. e5 Ng4 10. Nce4 Qb4+ 11. Nd2 Ne3 12. Qe2 Bg4 13. Qd3 Nd7 14. a3 Qb6 15. Nb3 Nxe5 16. Qe4 Nxc4 0-1


[Site "https://www.chess.com"]

[Event "Titled Tuesday Blitz May 16 Late 2023"]
[White "Karimov, Alisher"]
[Black "Rose, Felix"]
[WhiteFideId "14700280"]
[BlackFideId "5105722"]
[WhiteElo "2186"]
[BlackElo "2039"]
[Result "1-0"]
[Round "01"]
[TimeControl "180+2"]
[Date "2023.05.16"]
[WhiteClock "0:00:14"]
[BlackClock "0:00:09"]

1. d4 Nf6 2. Nc3 d5 3. Bf4 c5 4. e3 cxd4 5. exd4 a6 6. Bd3 Nc6 7. Nce2 Qb6 8. Rb1 Bg4 9. c3 e6 10. h3 Bh5 11. Qc2 Rc8 12. Qd2 Be7 13. Ng3 Bg6 14. Nf3 Bxd3 15. Qxd3 Qa5 16. a3 b5 17. O-O Qb6 18. Ne5 a5 19. Rfe1 O-O 20. Bg5 Rfd8 21. Qe2 b4 22. axb4 axb4 23. Nxf7 Kxf7 24. Qxe6+ Kf8 25. Nf5 Rc7 26. Nh6 gxh6 27. Bxh6+ Ke8 28. Qxf6 Rb8 29. Re6 Kd7 30. Qf5 Nxd4 31. Qxd5+ Bd6 32. cxd4 Re8 33. Rbe1 Rxe6 34. Qxe6+ Kc6 35. Rc1+ Kb7 36. Rxc7+ Qxc7 37. Be3 b3 38. g3 Qc6 39. Qxb3+ Kc8 40. Qc3 Qxc3 41. bxc3 Kd7 42. c4 Ke6 43. c5 Bb8 44. Kg2 Kd5 45. Kf3 Bc7 46. h4 Bd8 47. h5 Bf6 48. g4 Bh4 49. Kf4 Ke6 50. Ke4 Bf6 51. f4 Kd7 52. g5 Be7 53. h6 Bf8 54. d5 Bxc5 55. Bxc5 Ke8 56. g6 hxg6 57. h7 Kf7 58. h8=Q g5 59. Qf8+ Kg6 60. Qf5+ Kh5 61. Qxg5# 1-0


[Site "https://www.chess.com"]

[Event "Titled Tuesday Blitz May 16 Late 2023"]
[White "Kostiukov, Alexandr"]
[Black "Koellner, Ruben Gideon"]
[WhiteFideId "14108100"]
[BlackFideId "12993093"]
[WhiteElo "2202"]
[BlackElo "2314"]
[Result "1-0"]
[Round "01"]
[TimeControl "180+2"]
[Date "2023.05.16"]
[WhiteClock "0:00:13"]
[BlackClock "0:00:11"]

1. g3 d6 2. Bg2 Nf6 3. d4 Nbd7 4. c4 e5 5. Nf3 Be7 6. O-O c6 7. Nc3 O-O 8. e4 a6 9. h3 b5 10. c5 exd4 11. Nxd4 Bb7 12. cxd6 Bxd6 13. Nf5 Be5 14. f4 Bxc3 15. bxc3 c5 16. Nd6 Bc6 17. Be3 Qc7 18. e5 Bxg2 19. Kxg2 Ne8 20. Ne4 Rc8 21. Qd5 Nb6 22. Qd3 Qb7 23. Kh2 c4 24. Qc2 Nd5 25. Ng5 g6 26. Bd4 Nec7 27. Rae1 Ne6 28. Ne4 Nxd4 29. cxd4 Qb6 30. Nd6 Qxd4 31. Rd1 Qc5 32. Ne4 Qc6 33. Rxd5 Rcd8 34. Nf6+ Kg7 35. Rfd1 Rxd5 36. Rxd5 Rc8 37. h4 h5 38. f5 b4 39. Qd2 Rc7 40. Qg5 Kf8 41. Qh6+ Ke7 42. Qh8 Rc8 43. Qg7 c3 44. Rd7+ Qxd7 45. Nxd7 Kxd7 46. Qxf7+ Kc6 47. Qxg6+ Kb7 48. Qf7+ Rc7 49. Qd5+ Kb8 50. Qd1 c2 51. Qc1 a5 52. f6 a4 53. e6 b3 54. axb3 axb3 55. f7 Ka7 56. f8=Q b2 57. Qa3+ Kb6 58. Qaxb2+ Kc6 59. Qbxc2+ Kd6 60. Qxc7+ Kd5 61. Q7f4 Kxe6 62. Qe1+ Kd7 63. Qfd2+ Kc6 64. Qec1+ Kb7 65. Qdb2+ Ka8 66. Qca1# 1-0


[Site "https://www.chess.com"]

[Event "Titled Tuesday Blitz May 16 Late 2023"]
[White "cryptoguru02"]
[Black "Shtivelband, Richard"]
[BlackFideId "2017342"]
[WhiteElo "2615"]
[BlackElo "2299"]
[Result "1-0"]
[Round "01"]
[TimeControl "180+2"]
[Date "2023.05.16"]
[WhiteClock "0:00:12"]
[BlackClock "0:00:00"]

1. d4 Nf6 2. c4 e6 3. Nc3 Bb4 4. Qc2 d5 5. a3 Bxc3+ 6. Qxc3 O-O 7. Nf3 b6 8. cxd5 Qxd5 9. e3 Ba6 10. Bxa6 Nxa6 11. O-O c5 12. Rd1 Rac8 13. Qd3 c4 14. Qe2 b5 15. Bd2 Ne4 16. Bc3 Rfd8 17. Ne1 Nb8 18. f3 Nxc3 19. bxc3 a5 20. e4 Qd6 21. Nc2 Nc6 22. Rab1 Rb8 23. a4 bxa4 24. Qxc4 a3 25. Qa2 e5 26. Rxb8 Qxb8 27. Qxa3 exd4 28. cxd4 Qb6 29. Qc3 h5 30. Kh1 h4 31. h3 a4 32. d5 Ne7 33. Qa3 Ng6 34. Qxa4 Qf2 35. e5 Rb8 36. d6 Nxe5 37. Qe4 Ng6 38. d7 Kh7 39. d8=Q Rxd8 40. Rxd8 f5 41. Qxf5 1-0


[Site "https://www.chess.com"]

[Event "Titled Tuesday Blitz May 16 Late 2023"]
[White "Ward, Ieuan C"]
[Black "Levitskiy, Andrey"]
[WhiteFideId "406627"]
[BlackFideId "14132885"]
[WhiteElo "2298"]
[BlackElo "2347"]
[Result "0-1"]
[Round "01"]
[TimeControl "180+2"]
[Date "2023.05.16"]
[WhiteClock "0:00:02"]
[BlackClock "0:00:08"]

1. d4 Nf6 2. c4 e6 3. Nf3 Bb4+ 4. Bd2 Qe7 5. g3 Bxd2+ 6. Qxd2 Nc6 7. Nc3 d5 8. Bg2 O-O 9. O-O dxc4 10. Ne5 Nxe5 11. dxe5 Nd7 12. f4 a6 13. Rad1 Rb8 14. a4 Nb6 15. Qe3 Qb4 16. Rd4 Bd7 17. Ra1 Bc6 18. Bxc6 bxc6 19. Qd2 Nd5 20. e4 c5 21. Nxd5 exd5 22. Rxd5 Qxd2 23. Rxd2 Rfd8 24. Rad1 Rxd2 25. Rxd2 Kf8 26. Rc2 Rb4 27. a5 Ke7 28. Kf2 Kd7 29. Ke3 Kc6 30. f5 Kd7 31. Kd2 Ra4 32. Kc3 Rxa5 33. Kxc4 Kc6 34. Rd2 Ra4+ 35. Kd3 Kd7 36. Ke3+ Ke7 37. Rc2 Ra5 38. Kd3 Rb5 39. Kc4 c6 40. b3 Rb4+ 41. Kxc5 Rxe4 42. e6 fxe6 43. Kxc6 exf5 44. Kb6 Rb4+ 45. Kxa6 Rxb3 46. Ka5 Kf6 47. Ka4 Rb7 48. Rc4 g6 49. g4 fxg4 50. Rxg4 h5 51. Rg3 g5 52. Rg2 Kf5 53. Rf2+ Kg6 54. Re2 g4 55. Rf2 Kg5 56. Rg2 h4 57. Rf2 g3 58. hxg3 hxg3 59. Rd2 Kf4 60. Rd4+ Ke3 61. Rg4 Kf2 62. Rg8 g2 63. Rf8+ Ke1 64. Rg8 Kf1 65. Rf8+ Kg1 66. Rf6 Rg7 67. Kb3 Kh2 68. Rh6+ Kg3 0-1


[Site "https://www.chess.com"]

[Event "Titled Tuesday Blitz May 16 Late 2023"]
[White "Melikyan, Gnel"]
[Black "Vifleemskaia, Svetlana"]
[WhiteFideId "54109990"]
[BlackFideId "4129490"]
[WhiteElo "2138"]
[BlackElo "1930"]
[Result "1-0"]
[Round "01"]
[TimeControl "180+2"]
[Date "2023.05.16"]
[WhiteClock "0:01:39"]
[BlackClock "0:00:31"]

1. e4 e5 2. Nf3 Nc6 3. d4 exd4 4. Nxd4 Bb4+ 5. c3 Bc5 6. Be3 Bb6 7. Na3 Nf6 8. Bd3 d5 9. Nxc6 bxc6 10. Bxb6 axb6 11. exd5 Qxd5 12. O-O O-O 13. Nc2 Ba6 14. Nb4 Qxd3 15. Nxd3 Rfd8 16. Qf3 Bxd3 17. Rfd1 Be4 18. Rxd8+ Rxd8 19. Rd1 Re8 20. Qf4 Nd5 21. Qg3 Bc2 22. Rc1 h6 23. h3 Re2 24. c4 Nb4 25. Qxc7 Nd3 26. Qc8+ Kh7 27. Rxc2 1-0


[Site "https://www.chess.com"]

[Event "Titled Tuesday Blitz May 16 Late 2023"]
[White "Georg, Heinz"]
[Black "Camilla_Lee"]
[WhiteFideId "4607295"]
[WhiteElo "2295"]
[BlackElo "2612"]
[Result "0-1"]
[Round "01"]
[TimeControl "180+2"]
[Date "2023.05.16"]
[WhiteClock "0:02:03"]
[BlackClock "0:02:21"]

1. b4 Nf6 2. Bb2 g6 3. e3 Bg7 4. d4 d5 5. Nd2 a5 6. b5 c6 7. a4 O-O 8. Ngf3 Ne4 9. Nxe4 dxe4 10. Nd2 f5 11. Bc4+ e6 12. O-O Kh8 13. f3 exf3 14. gxf3 Qg5+ 15. Kf2 Qh4+ 16. Ke2 c5 17. Rf2 cxd4 18. e4 d3+ 0-1


[Site "https://www.chess.com"]

[Event "Titled Tuesday Blitz May 16 Late 2023"]
[White "Spata, German"]
[Black "Rodriguez Santiago, Jaime"]
[WhiteFideId "113026"]
[BlackFideId "3100898"]
[WhiteElo "2260"]
[BlackElo "2025"]
[Result "1-0"]
[Round "01"]
[TimeControl "180+2"]
[Date "2023.05.16"]
[WhiteClock "0:01:05"]
[BlackClock "0:00:30"]

1. Nf3 Nf6 2. e3 d5 3. d4 c5 4. Be2 Nc6 5. O-O Bg4 6. c3 e6 7. b3 Bd6 8. Bb2 O-O 9. Nbd2 b6 10. h3 Bh5 11. c4 cxd4 12. Nxd4 Bxe2 13. Qxe2 Nxd4 14. Bxd4 Qe7 15. Bxf6 Qxf6 16. cxd5 exd5 17. Nf3 Rfe8 18. Rad1 Rad8 19. Rd3 Bc5 20. Qd2 h6 21. Rd1 Re7 22. Rxd5 Rxd5 23. Qxd5 Qb2 24. Qd2 Qa3 25. Qc2 g6 26. h4 Re8 27. h5 Kh7 28. hxg6+ fxg6 29. Rd7+ Re7 30. Ne5 Rxd7 1-0


[Site "https://www.chess.com"]

[Event "Titled Tuesday Blitz May 16 Late 2023"]
[White "Manukyan, Sargis A."]
[Black "Mikayel99"]
[WhiteFideId "13303970"]
[WhiteElo "2187"]
[BlackElo "2309"]
[Result "1-0"]
[Round "01"]
[TimeControl "180+2"]
[Date "2023.05.16"]
[WhiteClock "0:00:34"]
[BlackClock "0:00:00"]

1. d4 Nf6 2. c4 e6 3. Nc3 Bb4 4. a3 Bxc3+ 5. bxc3 c5 6. e3 d6 7. Bd3 b6 8. Ne2 Nc6 9. O-O Na5 10. e4 Ba6 11. f4 Qc7 12. e5 Nd7 13. f5 O-O-O 14. fxe6 fxe6 15. exd6 Qxd6 16. Bf4 Qe7 17. Ng3 Nf6 18. Be5 Bxc4 19. Bxc4 Nxc4 20. Qf3 Qb7 21. Bxf6 Qxf3 22. Rxf3 gxf6 23. dxc5 f5 24. cxb6 axb6 25. a4 Kc7 26. Rf4 Na5 27. Re1 Rd6 28. Nh5 Nb3 29. Rc4+ Kd7 30. Nf4 Re8 31. Nh5 Nd2 32. Nf6+ Ke7 33. Nxe8 Nxc4 34. Nxd6 Kxd6 35. Rb1 e5 36. Rb4 Kc5 37. Rb5+ Kc6 38. Kf2 e4 39. Rxf5 Kd6 40. Rh5 Nb2 41. Rh6+ Kc5 42. Rh5+ Kc4 43. a5 bxa5 44. Rxa5 Kxc3 45. Ra3+ Kd4 46. Ke2 h5 47. Ra5 Nd3 48. g3 Nc1+ 49. Kd1 Nd3 50. Rxh5 e3 51. Rh4+ Ke5 52. Ke2 Nc5 53. Kxe3 Kf5 54. Rh5+ 1-0


[Site "https://www.chess.com"]

[Event "Titled Tuesday Blitz May 16 Late 2023"]
[White "Smiechu"]
[Black "chess123456s"]
[WhiteElo "2292"]
[BlackElo "2606"]
[Result "0-1"]
[Round "01"]
[TimeControl "180+2"]
[Date "2023.05.16"]
[WhiteClock "0:00:05"]
[BlackClock "0:00:12"]

1. e4 e5 2. Nf3 Nc6 3. Bb5 a6 4. Ba4 Nf6 5. Qe2 Be7 6. c3 b5 7. Bb3 O-O 8. O-O d5 9. d3 Re8 10. Bg5 Be6 11. Rd1 h6 12. Bxf6 Bxf6 13. Nbd2 Na5 14. Bc2 c5 15. exd5 Bxd5 16. Ne4 Nc6 17. Nxc5 Be7 18. b4 Bxc5 19. bxc5 Qa5 20. Qd2 Bxf3 21. gxf3 Rad8 22. Bb3 Qa3 23. Qe3 Na5 24. Rab1 Rc8 25. Kh1 Qxc5 26. Qe4 Qxc3 27. Rg1 Nxb3 28. axb3 Qd4 29. Qf5 Qf4 30. Qh3 Rc2 31. Rg4 Qf6 32. Rbg1 g6 33. Rh4 Rxf2 34. Rg3 Qc6 35. Rxh6 Qc1+ 36. Rg1 Qc6 37. Rh8+ Kg7 38. Rxe8 Qxe8 39. Qg3 Rd2 40. Re1 Rxd3 41. Rxe5 Qc6 42. Kg2 Qc2+ 43. Kh3 Rd6 44. Qf4 Qc8+ 45. Kg3 Rf6 46. Qe4 Qh8 47. Qd4 Qh6 48. Re4 Qg5+ 49. Rg4 Qf5 50. Rf4 Qxf4+ 51. Qxf4 Rxf4 52. Kxf4 a5 53. Ke4 a4 54. b4 Kf6 0-1


[Site "https://www.chess.com"]

[Event "Titled Tuesday Blitz May 16 Late 2023"]
[White "Tomiello, Lucas Costamilan"]
[Black "StarkyNZ"]
[WhiteFideId "22701940"]
[WhiteElo "2085"]
[BlackElo "2286"]
[Result "1-0"]
[Round "01"]
[TimeControl "180+2"]
[Date "2023.05.16"]
[WhiteClock "0:00:34"]
[BlackClock "0:00:33"]

1. e4 e6 2. d4 d5 3. Nc3 Nf6 4. e5 Nfd7 5. f4 c5 6. Nf3 Nc6 7. Be3 a6 8. Qd2 cxd4 9. Nxd4 Bc5 10. O-O-O Nxd4 11. Bxd4 b5 12. Bxc5 Nxc5 13. Bd3 Qb6 14. Kb1 b4 15. Ne2 a5 16. g4 a4 17. Nd4 Ba6 18. Bxa6 Rxa6 19. Qe3 a3 20. Nb3 Ne4 21. Qxb6 Rxb6 22. Rd4 axb2 23. Kxb2 O-O 24. Ra1 Rc8 25. a4 bxa3+ 26. Rxa3 Rbc6 27. Na1 Nc3 28. Rb4 h6 29. Rab3 Nd1+ 30. Kc1 Nf2 31. h3 Rc4 32. Rxc4 Rxc4 33. Rf3 Kh7 34. Rxf2 1-0


[Site "https://www.chess.com"]